 Dungeon Crawl Stone Soup version 0.17.2 (webtiles) character file.

192 Charly the Insei (level 5, 0/25 HPs)
             Began as a Vine Stalker Transmuter on May 26, 2016.
             Succumbed to a worker ant's poison
             ... on level 4 of the Dungeon.
             The game lasted 00:03:06 (232 turns).

Charly the Insei (Vine Stalker Transmuter)           Turns: 232, Time: 00:03:06

Health: 0/25       AC:  2    Str: 18    XL:     5   Next: 71%
Magic:  3/9        EV: 15    Int: 14    God:
Gold:   10         SH:  0    Dex: 14    Spells: 1 memorised, 7 levels left

rFire  . . .     SeeInvis .       - Unarmed
rCold  . . .     Clarity  .     b - +0 robe
rNeg   . . .     SustAt   .     (no shield)
rPois  .         Gourm    .     (no helmet)
rElec  .         Spirit   +     (no cloak)
rCorr  .         Warding  .     (no gloves)
rMut   .         Stasis   .     (no boots)
MR     .....                    (no amulet)
Stlth  +.........               (no ring)
                                e - +3 ring of evasion

@: mighty, lethally poisoned (0 -> -9), very slightly contaminated, not
resistant to hostile enchantments, very unstealthy
A: fangs 2, regeneration 1, magic shield, antimagic bite, no device heal 3, rot
immunity
a: no special abilities


You were on level 4 of the Dungeon.
You were not hungry.

You visited 1 branch of the dungeon, and saw 4 of its levels.

You collected 10 gold pieces.

Inventory:

Missiles
 a - 12 arrows
Armour
 b - a +0 robe (worn)
Jewellery
 e - a +3 ring of evasion (left hand)
Books
 c - a book of Changes

   Spells                             Type                      Level
   a - Beastly Appendage              Transmutation                1
   b - Sticks to Snakes               Transmutation                2
   c - Spider Form                    Transmutation/Poison         3
   d - Ice Form                       Ice/Transmutation            4
   e - Blade Hands                    Transmutation                5
Comestibles
 d - a bread ration


   Skills:
 - Level 0.8 Fighting
 - Level 1.5 Dodging
 + Level 5.0 Unarmed Combat
 - Level 2.1 Spellcasting
 - Level 4.0 Transmutations


You had 7 spell levels left.
You knew the following spells:

 Your Spells              Type           Power        Failure   Level  Hunger
b - Beastly Appendage     Trmt           ##....       4%          1    #......


Dungeon Overview and Level Annotations

Branches:
Dungeon (4/15)
 Temple: D:4-7

Altars:
Vehumet


Innate Abilities, Weirdness & Mutations

You have extremely sharp teeth.
Your natural rate of healing is unusually fast.
When hurt, damage is shared between your health and your magic reserves.
Your bite disrupts and absorbs the magic of your enemies.
Potions and wands cannot restore your health.
You are immune to rotting.


Message History

The worker ant is lightly wounded.
You barely miss the worker ant. You bite the worker ant. You drain its power.
The worker ant is moderately wounded.
You feel sick.
You are no longer poisoned.
The worker ant bites you.
* * * LOW HITPOINT WARNING * * *
You are poisoned.
The worker ant poisons you!
You hit the worker ant but do no damage.
Your bite misses the worker ant.
The worker ant is moderately wounded.
You feel yourself slow down.
You feel sick. The worker ant bites you.
* * * LOW HITPOINT WARNING * * *
You are more poisoned.
The worker ant poisons you!
* * * LOW HITPOINT WARNING * * *
You feel sick.
You die...

..........<.#...###.
#....................
.......(..............
#.....................
......................
....$...(.............
......................
......................
....(..r.@.<##........
.......a######........
.......s# ##...%.
.!...Z..# ###.#
........# .........
......... .........
#........#


You could see a worker ant, a quokka and a quokka skeleton.

Vanquished Creatures
  Sigmund (D:3)
  A worker ant (D:4)
  An adder skeleton (D:4)
  A worm (D:3)
  A hobgoblin (D:1)
  A kobold (D:2)
  2 giant cockroaches
  A giant newt (D:1)
  2 rats (D:1)
11 creatures vanquished.

Notes
Turn   | Place    | Note
--------------------------------------------------------------
     0 | D:1      | Charly the Vine Stalker Transmuter began the quest for the Orb.
     0 | D:1      | Reached XP level 1. HP: 9/9 MP: 4/4
   142 | D:2      | Found a radiant altar of Vehumet.
   149 | D:3      | Noticed Sigmund
   193 | D:3      | Killed Sigmund
   193 | D:3      | Reached skill level 4 in Unarmed Combat
   193 | D:3      | Reached XP level 2. HP: 6/14 MP: 6/6
   193 | D:3      | Reached XP level 3. HP: 7/17 MP: 7/7
   193 | D:3      | Reached XP level 4. HP: 8/21 MP: 8/8
   193 | D:3      | Reached XP level 5. HP: 9/25 MP: 9/9
   221 | D:4      | Reached skill level 5 in Unarmed Combat
   232 | D:4      | Succumbed to a worker ant's poison

Action                   |  1- 3 |  4- 6 || total
-------------------------+-------+-------++-------
Melee: Unarmed           |    21 |    13 ||    34
  Use: Potion            |     3 |       ||     3
 Stab: Sleeping          |       |     1 ||     1
  Eat: Pizza             |     1 |       ||     1
